 Dungeon Crawl Stone Soup version 0.19.0-19-g8c6edcc (webtiles) character file.

38900 Torgrim the Bludgeoner (level 13, -9/119 HPs)
             Began as a Minotaur Berserker on Nov 14, 2016.
             Was the Champion of Trog.
             Hit by a large rock thrown by a cyclops (13 damage)
             ... on level 2 of the Orcish Mines.
             The game lasted 02:17:55 (18873 turns).

Torgrim the Bludgeoner (Minotaur Berserker)        Turns: 18873, Time: 02:17:55

Health: -9/119     AC: 22    Str: 26    XL:     13   Next: 66%
Magic:  0/12       EV:  8    Int:  4    God:    Trog [******]
Gold:   887        SH:  0    Dex: 11    Spells: 0 memorised, 12 levels left

rFire  . . .     SeeInvis .     S - +9 demon whip of Expedience {elec, rC+}
rCold  + . .     Gourm    .     Q - +4 plate armour
rNeg   . . .     Faith    .     (no shield)
rPois  .         Spirit   +     T - +0 hat {Spirit}
rElec  .         Reflect  .     i - +1 cloak
rCorr  .         Harm     .     (no gloves)
MR     +....                    (no boots)
Stlth  ..........               (no amulet)
                                (no ring)
                                K - ring of protection from magic

@: about to teleport
A: retaliatory headbutt, horns 2
a: Berserk, Trog's Hand, Brothers in Arms, Burn Spellbooks, Renounce Religion


You were on level 2 of the Orcish Mines.
You worshipped Trog.
Trog was exalted by your worship.
You were not hungry.

You visited 3 branches of the dungeon, and saw 17 of its levels.
You also visited: Sewer.

You collected 1052 gold pieces.
You spent 165 gold pieces at shops.

Inventory:

Hand Weapons
 e - a +0 shortbow
 B - a +0 blowgun
 G - a +7 great mace of crushing
 S - the +9 demon whip of Expedience (weapon) {elec, rC+}
   (Trog gifted it to you on level 11 of the Dungeon)

   Occasionally, upon striking a foe, it will discharge some electrical energy
   and cause terrible harm.
   It protects you from cold.
Missiles
 h - 51 arrows
 j - 30 poisoned needles
Armour
 i - a +1 cloak (worn)
 Q - a +4 plate armour (worn)
 T - a +0 hat of spirit shield (worn)
Magical Staves
 n - an uncursed staff of power
Jewellery
 K - a ring of protection from magic (left hand)
Wands
 d - a wand of confusion (34/48)
 f - a wand of flame (19/48)
 k - a wand of iceblast (11/15)
 m - a wand of digging (14/24)
 q - a wand of teleportation (0/9)
 s - a wand of flame (8/48)
 v - a wand of digging (6/24)
 D - a wand of iceblast (8/15)
 M - a wand of polymorph (1/24)
 R - a wand of paralysis (14/24)
 W - a wand of flame (7/48)
Scrolls
 a - 6 scrolls of teleportation
 c - 3 scrolls of identify
 r - a scroll of holy word
 y - 2 scrolls of fog
 C - 4 scrolls of recharging
 J - 4 scrolls of remove curse
 Y - a scroll of magic mapping
Potions
 g - 3 potions of brilliance
 l - 5 potions of magic
 o - 2 potions of invisibility
 p - a potion of haste
 w - a potion of agility {unknown}
 x - 5 potions of might
 z - 4 potions of flight
 F - 3 potions of resistance {unknown}
 I - 4 potions of curing
 L - 4 potions of degeneration {unknown}
 N - 2 potions of mutation {unknown}
 O - a potion of lignification {unknown}
Books
 H - a book of Geomancy

   Spells                             Type                      Level
   a - Sandblast                      Earth                        1
   b - Passwall                       Transmutation/Earth          2
   c - Stone Arrow                    Conjuration/Earth            3
   d - Petrify                        Transmutation/Earth          4
   e - Lee's Rapid Deconstruction     Earth                        5
   Trog disapproves of the use of such an item.
Comestibles
 b - 21 chunks of flesh
 t - 8 bread rations
 u - 10 royal jellies
 E - 2 meat rations
 P - 6 fruits
 U - 5 beef jerkies
 X - 8 slices of pizza


   Skills:
 * Level 12.7 Fighting
 - Level 20.0 Maces & Flails
 + Level 5.4 Bows
 - Level 12.1 Armour
 - Level 2.1 Dodging


You had 12 spell levels left.
You didn't know any spells.

Dungeon Overview and Level Annotations

Branches:
Dungeon (11/15)            Temple (0/1) D:7            Lair (4/6) D:9
 Shoals (0/4) Lair:4       Spider (0/4) Lair:4          Orc (2/2) D:11
    Elf: Orc:2

Altars:
Cheibriados
Elyvilon
Gozag
Kikubaaqudgha
Makhleb
Nemelex Xobeh
Okawaru
Sif Muna
Trog
Vehumet
Xom
Yredelemnul
Zin

Shops:
D:6 %   Orc:1 %   Orc:2 *[:

Annotations:
Lair:3 exclusion: oklob plant


Innate Abilities, Weirdness & Mutations

You reflexively headbutt those who attack you in melee.
You have a pair of horns on your head.


Message History

* * * LOW HITPOINT WARNING * * *
As you read the scroll of teleportation, it crumbles to dust.
You feel strangely unstable.
Your surroundings suddenly seem different.
A cyclops comes into view.
The cyclops shouts!
A cyclops comes into view.
The cyclops shouts!
The cyclops throws a large rock.
The large rock closely misses you.
Found a large rock.
Found Estiym's Book Emporium.
Found an escape hatch in the ceiling.
A warg and an ettin come into view.
Zapping:
q - a wand of teleportation (will waste charges)
Press: ? - help, Shift-Dir - straight line, f - you You feel strangely unstable.
Evoking this partially-identified wand wasted a few charges.
The warg pauses to sniff the ground.
The warg bites you but does no damage.
The cyclops throws a large rock.
The large rock hits you!
You die...

##.....
#......P.
###........
##..........
..P..8P....
###......C...
#...P.C..C...
###.........P.
#...h.@.......
#.......PP....
..........P...P#
..<.............
................
.......##.......
....#.# ......#
...## ##.....


You could see an ettin, 2 cyclopes and a warg.

Vanquished Creatures
  Gastronok (D:8)
  A stone giant (Orc:2)
  5 hydras
  A centaur warrior (D:10)
  A death yak (D:11)
  An orc high priest (Orc:1)
  Nergalle (Lair:1)
  A hill giant (D:11)
  An orc knight (D:11)
  A manticore (D:11)
  4 cyclopes
  2 black mambas
  A siren (Lair:4)
  6 spiny frogs
  Psyche (D:8)
  A gargoyle (D:11)
  2 rime drakes (Lair:2)
  2 komodo dragons
  5 trolls
  A queen bee (Lair:2)
  11 blink frogs
  8 hippogriffs
  3 redbacks (Lair:4)
  The ghost of SirSavien the Sneak, an amateur SpAs of Dithmenos (D:5)
  5 wyverns
  31 yaks
  A shadow (D:11)
  A vampire (D:11)
  3 hogs (D:8)
  6 basilisks
  A human (D:8)
  A hungry ghost (D:7)
  3 steam dragons
  7 porcupines
  14 water moccasins
  10 orc warriors
  A sky beast (D:11)
  2 black bears
  2 phantoms
  2 ice beasts (D:5)
  3 wolves (Lair:2)
  4 ogres
  3 centaurs
  9 crocodiles
  3 big kobolds
  9 bullfrogs
  A water moccasin skeleton (D:6)
  7 scorpions
  44 killer bees
  4 wights (D:10)
  2 electric eels (D:11)
  A bullfrog zombie (D:9)
  3 crimson imps
  2 howler monkeys
  3 quasits
  10 hounds
  A gnoll shaman (D:8)
  13 orc priests
  3 jellies
  6 iguanas
  Jessica (D:2)
  2 bullfrog skeletons
  18 orc wizards
  Natasha (thrice) (D:2 D:4)
  7 worker ants
  2 killer bee zombies (D:10)
  3 worker ant zombies
  9 adders
  11 gnolls
  A howler monkey skeleton (D:6)
  8 river rats
  3 shadow imps
  2 adder skeletons
  An adder zombie (D:9)
  5 worms
  A dart slug (D:1)
  4 leopard geckos
  49 orcs
  13 bats
  9 giant cockroaches
  5 goblins
  10 hobgoblins
  15 jackals
  35 kobolds
  3 quokkas
  11 ball pythons
  5 frilled lizards
  A leopard gecko skeleton (D:4)
  A quokka zombie (D:7)
  35 rats
  A fungus (D:9)
  2 plants (D:9)
559 creatures vanquished.

Vanquished Creatures (collateral kills)
  A hippogriff (D:8)
1 creature vanquished.

Vanquished Creatures (others)
  6 fungi
  2 plants (Lair:2)
8 creatures vanquished.

Grand Total: 568 creatures vanquished

Notes
Turn   | Place    | Note
-------+----------+-------------------------------------------
     0 | D:1      | Torgrim the Minotaur Berserker began the quest for the Orb.
     0 | D:1      | Reached XP level 1. HP: 19/19 MP: 0/0
    21 | D:1      | Reached skill level 4 in Maces & Flails
    74 | D:1      | Reached XP level 2. HP: 26/26 MP: 1/1
   191 | D:1      | Reached skill level 5 in Maces & Flails
   255 | D:1      | Reached XP level 3. HP: 31/31 MP: 2/2
   266 | D:1      | Reached ** piety under Trog
   830 | D:2      | Noticed Natasha
   844 | D:2      | Killed Natasha
   844 | D:2      | Reached skill level 6 in Maces & Flails
   844 | D:2      | Reached XP level 4. HP: 39/39 MP: 3/3
   916 | D:2      | Noticed Natasha
   954 | D:2      | Killed Natasha
  1146 | D:2      | Reached XP level 5. HP: 37/45 MP: 4/4
  1177 | D:2      | Found a burning altar of Makhleb.
  1177 | D:2      | Found a sparkling altar of Nemelex Xobeh.
  1536 | D:2      | Noticed Jessica
  1541 | D:2      | Killed Jessica
  1541 | D:2      | Reached skill level 7 in Maces & Flails
  1698 | D:2      | Found a glowing silver altar of Zin.
  1851 | D:2      | Reached *** piety under Trog
  1974 | D:3      | Found a white marble altar of Elyvilon.
  2356 | D:3      | Found an ancient bone altar of Kikubaaqudgha.
  2357 | D:3      | Found a deep blue altar of Sif Muna.
  2360 | D:3      | Found a radiant altar of Vehumet.
  2369 | D:3      | Identified Kikubaaqudgha's Volume of Unholy Arts
  2833 | D:4      | Reached XP level 6. HP: 51/51 MP: 5/5
  2855 | D:4      | Reached skill level 5 in Armour
  3300 | D:4      | Reached skill level 8 in Maces & Flails
  3321 | D:4      | Noticed Natasha
  3382 | D:4      | Reached XP level 7. HP: 40/57 MP: 6/6
  3385 | D:4      | Killed Natasha
  3643 | D:4      | Reached **** piety under Trog
  3993 | D:4      | Received a gift from Trog
  4125 | D:4      | Reached skill level 9 in Maces & Flails
  4248 | D:5      | Entered Level 5 of the Dungeon
  4502 | D:5      | Found a glowing drain.
  4516 | Sewer    | Entered a sewer
  4554 | Sewer    | Reached XP level 8. HP: 64/64 MP: 7/7
  4614 | Sewer    | Reached skill level 10 in Maces & Flails
  4662 | Sewer    | Reached ***** piety under Trog
  5278 | D:5      | Noticed SirSavien's ghost (amateur SpAs)
  5288 | D:5      | Killed SirSavien's ghost
  5288 | D:5      | Reached skill level 11 in Maces & Flails
  5773 | D:6      | Reached skill level 12 in Maces & Flails
  5795 | D:6      | Found Xixal's Food Shop.
  5830 | D:6      | Bought a royal jelly for 22 gold pieces
  5830 | D:6      | Bought a bread ration for 55 gold pieces
  5830 | D:6      | Bought a bread ration for 55 gold pieces
  6075 | D:6      | Reached XP level 9. HP: 68/70 MP: 8/8
  6121 | D:6      | Received a gift from Trog
  6434 | D:6      | Reached skill level 13 in Maces & Flails
  7166 | D:7      | Found a staircase to the Ecumenical Temple.
  7293 | D:7      | Reached skill level 14 in Maces & Flails
  7515 | D:8      | Noticed Psyche
  7529 | D:8      | Killed Psyche
  7878 | D:8      | Reached XP level 10. HP: 76/77 MP: 9/9
  7889 | D:8      | Noticed Gastronok
  7901 | D:8      | Killed Gastronok
  7901 | D:8      | Reached skill level 15 in Maces & Flails
  8075 | D:8      | Found a basalt altar of Yredelemnul.
  8185 | D:8      | Found a bloodstained altar of Trog.
  8188 | D:8      | Found a snail-covered altar of Cheibriados.
  8202 | D:8      | Found an opulent altar of Gozag.
  8205 | D:8      | Found an iron altar of Okawaru.
  8254 | D:8      | Reached skill level 16 in Maces & Flails
  8349 | D:8      | Found a shimmering altar of Xom.
  8807 | D:9      | Received a gift from Trog
  8909 | D:9      | Found a staircase to the Lair.
  9063 | D:9      | Reached skill level 10 in Armour
  9670 | Lair:1   | Entered Level 1 of the Lair of Beasts
  9711 | Lair:1   | Reached XP level 11. HP: 77/82 MP: 8/10
 10104 | Lair:1   | Noticed an eight-headed hydra
 10114 | Lair:1   | Killed an eight-headed hydra
 10114 | Lair:1   | Reached skill level 17 in Maces & Flails
 10403 | Lair:1   | Noticed a five-headed hydra
 10410 | Lair:1   | Killed a five-headed hydra
 10612 | Lair:1   | Noticed Nergalle
 10877 | Lair:2   | Noticed an eight-headed hydra
 10890 | Lair:2   | Killed an eight-headed hydra
 11113 | Lair:2   | Reached skill level 18 in Maces & Flails
 11674 | Lair:2   | Reached ****** piety under Trog
 11750 | Lair:2   | Received a gift from Trog
 12004 | Lair:2   | Reached XP level 12. HP: 80/90 MP: 11/11
 12085 | Lair:2   | Reached skill level 19 in Maces & Flails
 12340 | Lair:2   | Noticed a six-headed hydra
 12347 | Lair:2   | Killed a six-headed hydra
 13118 | Lair:2   | Reached skill level 5 in Fighting
 14529 | Lair:3   | Noticed a seven-headed hydra
 14539 | Lair:3   | Killed a seven-headed hydra
 14539 | Lair:3   | Reached skill level 20 in Maces & Flails
 14690 | Lair:3   | Received a gift from Trog
 14960 | Lair:4   | Found a hole to the Spider Nest.
 15478 | Lair:4   | Found a staircase to the Shoals.
 16023 | D:10     | Entered Level 10 of the Dungeon
 16200 | Lair:1   | Killed Nergalle
 16200 | Lair:1   | Reached XP level 13. HP: 111/111 MP: 12/12
 16273 | D:10     | Reached skill level 10 in Fighting
 16624 | D:10     | Reached skill level 1 in Bows
 16903 | D:11     | Found a staircase to the Orcish Mines.
 18256 | D:11     | Received a gift from Trog
 18279 | D:11     | Got a bloodstained demon whip {god gift}
 18280 | D:11     | Identified the +9 demon whip of Expedience {elec, rC+} (Trog gifted it to you on level 11 of the Dungeon)
 18327 | Orc:1    | Entered Level 1 of the Orcish Mines
 18601 | Orc:1    | Found Unuary's Food Shoppe.
 18722 | Orc:2    | Entered Level 2 of the Orcish Mines
 18729 | Orc:2    | Found Sidinne's General Store.
 18736 | Orc:2    | Noticed a stone giant
 18746 | Orc:2    | Killed a stone giant
 18746 | Orc:2    | Reached skill level 5 in Bows
 18779 | Orc:2    | Bought a scroll of teleportation for 33 gold pieces
 18850 | Orc:2    | Noticed an ettin
 18853 | Orc:2    | Found Totuyworgh's Antique Armour Boutique.
 18867 | Orc:2    | HP: 2/119 [ettin/great mace (32)]
 18871 | Orc:2    | Found Estiym's Book Emporium.
 18872 | Orc:2    | Noticed an ettin
 18873 | Orc:2    | Hit by a large rock thrown by a cyclops

Skill      XL: |  1  2  3  4  5  6  7  8  9 10 11 12 13 |
---------------+----------------------------------------+-----
Maces & Flails | 4 5 6 7 8 9 12 14 16 18 20 | 20.0
Armour         | 3 4 5 6 8 10 11 12 | 12.1
Fighting       | 9 12 | 12.7
Bows           | 5 |  5.4
Dodging        | |  2.1

Action                   |  1- 3 |  4- 6 |  7- 9 | 10-12 | 13-15 || total
-------------------------+-------+-------+-------+-------+-------++-------
Melee: Mace              |    57 |   163 |   225 |       |       ||   445
       Headbutt          |     8 |    23 |    63 |   138 |    37 ||   269
       Great mace        |       |       |   119 |   703 |   173 ||   995
       Demon whip        |       |       |       |       |    66 ||    66
 Fire: Blowgun           |       |       |    13 |    20 |       ||    33
       Shortbow          |       |       |       |       |     9 ||     9
Invok: Berserk           |     2 |     6 |     8 |     7 |     7 ||    30
       Burn Spellbooks   |       |       |     2 |     3 |       ||     5
       Brothers in Arms  |       |       |       |     2 |       ||     2
       Trog's Hand       |       |       |       |     1 |       ||     1
Evoke: Wand              |       |       |       |    10 |     1 ||    11
  Use: Scroll            |       |     9 |     8 |    11 |     6 ||    34
       Potion            |       |     1 |     2 |     9 |     4 ||    16
  Eat: Bread ration      |     1 |       |     1 |     5 |       ||     7
       Chunk             |       |     8 |    11 |     8 |     8 ||    35
       Meat ration       |       |     1 |     1 |     1 |     1 ||     4
       Pizza             |       |       |     1 |       |       ||     1
Armor: Animal skin       |    13 |     1 |       |       |       ||    14
       Ring mail         |       |    50 |    98 |       |       ||   148
       Plate armour      |       |       |    49 |   500 |   133 ||   682
Dodge: Dodged            |    38 |    97 |   180 |   303 |    93 ||   711
